 Dungeon Crawl Stone Soup version 0.31-a0-175-g9f7f995f2b (webtiles) character file.

Game seed: 4374668316888111431

197 pokeman the Magician (level 5, -3/29 HPs)
             Began as a Deep Elf Hedge Wizard on June 17, 2023.
             Slain by a gnoll
             ... wielding a +0 flail
              (12 damage)
             ... on level 4 of the Dungeon.
             The game lasted 00:07:00 (3437 turns).

pokeman the Magician (Deep Elf Hedge Wizard)        Turns: 3437, Time: 00:07:00

Health: -3/29      AC:  4    Str:  7    XL:     5   Next: 46%
Magic:  2/15       EV: 13    Int: 21    God:
Gold:   275        SH:  0    Dex: 14    Spells: 3/16 levels left

rFire   . . .        o - +3 dagger
rCold   . . .        (no shield)
rNeg    . . .        b - +0 robe
rPois   .            c - +0 hat
rElec   .            t - +0 cloak
rCorr   .            (no gloves)
SInv    .            r - +0 pair of boots
Will    .....        (no amulet)
Stlth   ++           (no ring)
HPRegen 0.24/turn    (no ring)
MPRegen 0.14/turn

%: no passive effects
@: very slightly contaminated, studying Fire Magic
A: no striking features
a: no special abilities


You were on level 4 of the Dungeon.
You visited 1 branch of the dungeon, and saw 4 of its levels.

You collected 275 gold pieces.

Inventory:

Hand Weapons
 o - a +3 dagger (weapon)
Armour
 b - a +0 robe (worn)
 c - a +0 hat (worn)
 r - a +0 pair of boots (worn)
 t - a +0 cloak (worn)
Scrolls
 e - a scroll of vulnerability {unknown}
 g - a scroll of revelation {unknown}
 h - 2 scrolls of fog {unknown}
 k - 2 scrolls of noise {unknown}
 l - 2 scrolls of identify {unknown}
 m - a scroll of butterflies {unknown}
 n - a scroll of brand weapon {unknown}
 s - a scroll of blinking {unknown}
 u - a scroll of poison {unknown}
Potions
 a - a potion of attraction {unknown}
 d - 2 potions of magic
 f - 3 potions of curing {unknown}
 i - a potion of brilliance {unknown}
 j - 2 potions of enlightenment {unknown}
 p - a potion of mutation {unknown}
 q - a potion of might {unknown}


   Skills:
 - Level 1.0 Fighting
 - Level 1.0 Armour
 - Level 3.0 Dodging
 - Level 3.0 Stealth
 * Level 6.3 Spellcasting
 + Level 2.6 Conjurations
 - Level 1.1 Summonings
 - Level 1.1 Translocations
 + Level 1.5 Fire Magic
 + Level 0.5 Air Magic
 + Level 0.5 Poison Magic


You had 3 spell levels left.
You knew the following spells:

 Your Spells              Type           Power      Damage    Failure   Level
a - Magic Dart            Conj           68%        1d6       3%          1
b - Mephitic Cloud        Conj/Pois/Air  11%        N/A       17%         3
c - Call Imp              Summ           22%        N/A       9%          2
d - Blink                 Tloc           22%        N/A       9%          2
e - Iskenderun's Battles  Conj           17%        2d7       65%         5

Your spell library contained the following spells:

 Spells                   Type           Power      Damage    Failure   Level
 Shock                    Conj/Air       52%        1d6       4%          1
 Beastly Appendage        Tmut           12%        N/A       10%         1
 Slow                     Hex            24%        N/A       10%         1
 Cigotuvi's Dreadful Rot  Necr/Pois/Air  16%        N/A       12%         2
 Wereblood                Tmut           6%         N/A       14%         2
 Swiftness                Air            9%         N/A       22%         3
 Spider Form              Tmut/Pois      7%         N/A       26%         3
 Airstrike                Air            4%         2d(1-17)  58%         4
 Leda's Unmaking          Conj/Erth      6%         9d2       100%        6
 Spellforged Servitor     Conj/Summ      7%         N/A       100%        7


Dungeon Overview and Level Annotations

Branches:
Dungeon (4/15)
 Temple: D:4-7

Altars:
Gozag
Wu Jian


Message History

Your cerulean imp hits the jackal from afar with a -3 spear.
The jackal dies!
The jackal bites you but does no damage.
You hit the jackal.
You kill the jackal!
A gnoll is nearby!
What are your orders? t - Shout!
Orders for allies: a - Attack new target. r - Retreat! s - Stop attacking. g - Guard the area. f - Follow me.
Anything else - Cancel.
Gang up on whom?
Press: ? - help, Dir - move target, f - gnoll
Aim: a gnoll, wielding a +0 flail Attack!
Your cerulean imp barely misses the gnoll.
The gnoll hits your cerulean imp with a +0 flail!
Your cerulean imp dies!
Your cerulean imp disappears in a puff of smoke!
Casting: Call Imp (safe; 9% risk of failure)
Confirm with . or Enter, or press ? or * to list all spells.
The spell is quite dangerous to miscast (17% risk of failure)!
Continue anyway?
Aiming: Mephitic Cloud (quite dangerous; 17% risk of failure)
Press: ? - help, Shift-Dir - straight line, f/p - gnoll
Aim: a gnoll, wielding a +0 flail (chance to affect: 91%)
You miscast Mephitic Cloud.
You are very lightly contaminated with residual magic.
Nothing appears to happen.
Casting: Mephitic Cloud (quite dangerous; 17% risk of failure)
Confirm with . or Enter, or press ? or * to list all spells.
The spell is quite dangerous to miscast (17% risk of failure)!
Continue anyway?
Aiming: Mephitic Cloud (quite dangerous; 17% risk of failure)
Press: ? - help, Shift-Dir - straight line, f/p - gnoll
Aim: a gnoll, wielding a +0 flail (chance to affect: 91%)
You miscast Mephitic Cloud.
Nothing appears to happen.
The gnoll attacks as you move away! The gnoll barely misses you.
The gnoll hits you with a +0 flail! The gnoll hits you with a +0 flail!
You die...

..# # #. ... #.# ..# #.#. .g.#.#
#.# ##.#. #g#.. #.# #....#+##
#.).. #.# #.......# ###.. #.#
#.......# #.g.. #(### #.......#
#.#.# #...###
#[.....g###########.#.#
###...##########@#....)†......#.#
###............#†####......##..
##..###...............###.####
#..........)....##.##.# #.#
#....(................# #.#
#......########.......# ..#
##+##.## #.......##.# ### #..
#.###...##.# ##(. #........##.#


You could see a gnoll.

Vanquished Creatures
  5 adders
  2 gnolls (D:4)
  4 worms
  2 dart slugs
  An orc (D:4)
  9 ball pythons
  5 endoplasms
  14 giant cockroaches
  5 goblins
  5 hobgoblins
  5 jackals
  3 quokkas
  4 bats (D:2)
  5 frilled lizards
  7 kobolds
  4 rats
80 creatures vanquished.

Vanquished Creatures (collateral kills)
  An iguana (D:4)
  2 jackals (D:4)
3 creatures vanquished.

Grand Total: 83 creatures vanquished

Notes
Turn   | Place    | Note
-------+----------+-------------------------------------------
     0 | D:1      | pokeman the Deep Elf Hedge Wizard began the quest for the
                  | Orb.
     0 | D:1      | Reached XP level 1. HP: 10/10 MP: 7/7
   264 | D:1      | Reached XP level 2. HP: 15/15 MP: 3/9
   948 | D:2      | Reached skill level 5 in Spellcasting
  1096 | D:2      | Reached XP level 3. HP: 20/20 MP: 7/11
  1108 | D:2      | Learned a level 3 spell: Mephitic Cloud
  1111 | D:2      | Learned a level 2 spell: Call Imp
  1114 | D:2      | Learned a level 2 spell: Blink
  1437 | D:2      | Reached skill level 1 in Fighting
  1475 | D:2      | Reached skill level 1 in Armour
  1657 | D:2      | Found an ornate altar of the Wu Jian Council.
  1818 | D:2      | Reached XP level 4. HP: 25/25 MP: 6/13
  2388 | D:3      | Found an opulent altar of Gozag.
  3032 | D:4      | Reached skill level 6 in Spellcasting
  3200 | D:4      | Reached XP level 5. HP: 29/29 MP: 1/15
  3205 | D:4      | Reached skill level 1 in Fire Magic
  3343 | D:4      | Learned a level 5 spell: Iskenderun's Battlesphere
  3437 | D:4      | Slain by a gnoll

Illustrated notes

Levels and vault maps discovered:
D:1:      dpeg_arrival_tiny_i, layout_rooms, chequers_avenue
D:2:      layout_basic, basic_altar
D:3:      minmay_roachtagon, layout_rooms, nicolae_gozag_seed_capital,
          serial_bayou_ford_a, kennysheep_boxes
D:4:      layout_basic, uniq_crazy_yiuf_cottage

Skill      XL: |  1  2  3  4  5 |
---------------+----------------+-----
Spellcasting   | 5 6 |  6.3
Fighting       | 1 |  1.0
Armour         | 1 |  1.0
Conjurations   | 2 |  2.6
Stealth        | 3 |  3.0
Dodging        | 3 |  3.0
Fire Magic     | 1 |  1.5
Summonings     | |  1.1
Translocations | |  1.1
Air Magic      | |  0.5
Poison Magic   | |  0.5

Action                     |  1- 3 |  4- 6 || total
---------------------------+-------+-------++-------
  Melee: Dagger            |    17 |    28 ||    45
   Cast: Magic Dart        |   117 |    81 ||   198
         Mephitic Cloud    |     2 |     3 ||     5
         Call Imp          |     2 |     2 ||     4
   Stab: Confused          |     1 |       ||     1
 Armour: Robe              |     5 |    11 ||    16
  Dodge: Dodged            |    38 |    25 ||    63

Table legend: (Time is in decaauts)
 A = Elapsed time spent in this place.
 B = Non-inter-level travel time spent in this place.
 C = Inter-level travel time spent in this place.
 D = Time resting spent in this place.
 E = Time spent auto-exploring this place.
 F = Levels seen in this place.
 G = Mean time per level.
                   A        B        C        D        E       F      G
               +--------+--------+--------+--------+--------+-----+--------+
         Total |   3443 |   3366 |     77 |     79 |   2777 |   4 |  860.8 |
       Dungeon |   3443 |   3366 |     77 |     79 |   2777 |   4 |  860.8 |
               +--------+--------+--------+--------+--------+-----+--------+

Top non-repeatable levels by time:
     D:2: 1171 daAuts
     D:1: 1027 daAuts
     D:3: 743 daAuts
     D:4: 500 daAuts
